 Dungeon Crawl Stone Soup version 0.22-a0-368-g870eee8 (webtiles) character file.

2770 tilp the Impaler (level 9, 0/56 (57) HPs)
             Began as a Merfolk Ice Elementalist on Apr 23, 2018.
             Was a Believer of Makhleb.
             Slain by a yak (5 damage)
             ... on level 8 of the Dungeon.
             The game lasted 00:31:26 (10575 turns).

tilp the Impaler (Merfolk Ice Elementalist)        Turns: 10575, Time: 00:31:26

HP:   0/56 (57)     AC: 11    Str: 12    XL:     9   Next: 69%
MP:   2/12          EV: 12    Int: 17    God:    Makhleb [**....]
Gold: 267           SH:  0    Dex:  9    Spells: 6/12 levels left

rFire    . . .     SeeInvis .   D - +0 halberd
rCold    . . .     Gourm    .   (shield currently unavailable)
rNeg     . . .     Faith    .   E - +1 robe of Chimes {rCorr Str+3 Dex-5}
rPois    .         Spirit   .   (no helmet)
rElec    .         Reflect  .   (no cloak)
rCorr    +         Harm     .   F - +2 pair of gloves
MR       .....                  (no boots)
Stlth    ++........             (no amulet)
HPRegen  0.18/turn              (no ring)
MPRegen  0.13/turn              (no ring)

@: icy armour, very slightly contaminated
A: change form in water, swift swim, stealthy swim
a: Minor Destruction, Renounce Religion


You were on level 8 of the Dungeon.
You worshipped Makhleb.
Makhleb was pleased with you.
You were not hungry.

You visited 1 branch of the dungeon, and saw 8 of its levels.

You collected 267 gold pieces.

Inventory:

Hand Weapons
 b - a +0 hunting sling
 D - a +0 halberd (weapon)
Missiles
 r - 72 sling bullets
 w - 7 javelins of returning (quivered)
Armour
 i - a +0 robe
 E - the +1 robe of Chimes (worn) {rCorr Str+3 Dex-5}
   (You found it on level 8 of the Dungeon)

   It affects your strength (+3).
   It affects your dexterity (-5).
   It protects you from acid and corrosion.
 F - a +2 pair of gloves (worn)
Jewellery
 x - an uncursed ring of magical power
Wands
 y - a wand of enslavement (14)
Scrolls
 a - a scroll of identify
 d - a scroll of remove curse
 j - 4 scrolls of teleportation
 p - a scroll of immolation {unknown}
 t - 4 scrolls of amnesia
 u - 2 scrolls of fog
 v - a scroll of magic mapping {unknown}
 A - 2 scrolls of noise {unknown}
Potions
 e - 7 potions of curing
 l - a potion of agility {unknown}
 q - 2 potions of mutation
 s - a potion of flight {unknown}
 z - 2 potions of magic
Comestibles
 c - 6 rations


   Skills:
 + Level 0.0 Fighting
 - Level 16.0 Polearms
 - Level 2.6 Dodging
 - Level 2.1 Stealth
 - Level 2.0 Spellcasting
 - Level 0.7 Conjurations
 - Level 6.0 Ice Magic


You had 6 spell levels left.
You knew the following spells:

 Your Spells              Type           Power        Failure   Level  Hunger
a - Freeze                Ice            ###.         1%          1    #......
b - Throw Frost           Conj/Ice       ##....       8%          2    ###....
c - Ozocubu's Armour      Chrm/Ice       ##......     17%         3    ###....


Dungeon Overview and Level Annotations

Branches:
Dungeon (8/15)             Temple (0/1) D:5
   Lair: D:8-11

Altars:
Cheibriados
Elyvilon
Gozag
Hepliaklqana
Kikubaaqudgha
Makhleb
Nemelex Xobeh
Ru
Trog
Xom
Yredelemnul
Zin

Shops:
D:8 (


Message History

Confirm with . or Enter, or press ? or * to list all spells.
Aiming: Freeze (safe; 1% risk of failure)
Press: ? - help, Shift-Dir - straight line, f/p - yak
Aim: a yak (almost dead)
You freeze the yak.
You kill the yak!
Makhleb accepts your kill.
Training target 16.0 for Polearms reached!
Your Polearms skill increases to level 16!
You need to enable at least one skill for training.
The yak gores you!
You barely miss the yak. You slash the yak!
The yak is moderately wounded.
The yak gores you!
* * * LOW HITPOINT WARNING * * *
You puncture the yak!
The yak is severely wounded.
The yak gores you.
You die...

#. #..... .# ##.# ##.#.#
####[### ....#
####....#####.......
......##..........#....## #
#....?#...#....##.....#.#..#
#.....>.#....#.##.##.....#.#
##
#......####........#.##.##
.. ###.#### #Y†......###..[#
## ≈≈. #.@............# ..
#≈≈YZ ##.....###.....# ##
#≈.§§ #.....# #.##### ...§§§
###.#.# #.# ###≈.§§ . #.#.#
#.# #≈≈.. #...##.#.##♣.##
#...........#
#...######♣∩♣..# #.. #..##.#


You could see a yak.

Vanquished Creatures
  2 yaks (D:8)
  2 sky beasts (D:6)
  3 ice beasts
  2 necrophages
  2 phantoms (D:5)
  An ogre (D:6)
  3 bullfrogs
  5 scorpions
  A wyvern skeleton (D:6)
  A howler monkey (D:4)
  An electric eel (D:8)
  A centaur zombie (D:6)
  2 crimson imps (D:7)
  A jelly (D:6)
  3 hounds
  8 orc wizards
  2 orc priests (D:3)
  2 bullfrog skeletons (D:5)
  An iguana (D:6)
  6 worker ants
  Terence (D:2)
  A hound skeleton (D:5)
  6 gnolls
  5 adders
  A shadow imp (D:5)
  An ufetubus (D:8)
  2 oozes
  An adder skeleton (D:6)
  3 worms
  3 dart slugs
  4 leopard geckos
  10 orcs
  3 ball pythons
  7 bats
  5 giant cockroaches
  14 hobgoblins
  15 jackals
  3 quokkas
  8 frilled lizards
  7 goblins
  11 kobolds
  A leopard gecko zombie (D:7)
  6 rats
167 creatures vanquished.

Vanquished Creatures (others)
  A gnoll (D:6)
1 creature vanquished.

Grand Total: 168 creatures vanquished

Notes
Turn   | Place    | Note
-------+----------+-------------------------------------------
     0 | D:1      | tilp the Merfolk Ice Elementalist began the quest for the Orb.
     0 | D:1      | Reached XP level 1. HP: 13/13 MP: 3/3
   186 | D:1      | Reached XP level 2. HP: 15/19 MP: 0/5
   193 | D:1      | Learned a level 2 spell: Throw Frost
   725 | D:1      | Reached XP level 3. HP: 24/24 MP: 2/6
   730 | D:1      | Learned a level 3 spell: Ozocubu's Armour
  1438 | D:2      | Reached skill level 5 in Ice Magic
  1537 | D:2      | Found an opulent altar of Gozag.
  1617 | D:2      | Found a glowing silver altar of Zin.
  1668 | D:2      | Found a bloodstained altar of Trog.
  1859 | D:2      | Reached XP level 4. HP: 28/30 MP: 5/7
  1903 | D:2      | Found a sacrificial altar of Ru.
  1923 | D:2      | Noticed Terence
  2031 | D:2      | Killed Terence
  2591 | D:2      | Found a sacrificial altar of Ru.
  2594 | D:2      | Found an ancient bone altar of Kikubaaqudgha.
  2597 | D:2      | Found a snail-covered altar of Cheibriados.
  2704 | D:2      | Found a burning altar of Makhleb.
  2705 | D:2      | Found a shimmering altar of Xom.
  2715 | D:2      | Became a worshipper of Makhleb the Destroyer
  2804 | D:3      | Found a basalt altar of Yredelemnul.
  2838 | D:3      | Reached skill level 1 in Polearms
  2838 | D:3      | Reached XP level 5. HP: 28/35 MP: 4/8
  2883 | D:3      | Reached skill level 2 in Polearms
  3223 | D:3      | Reached skill level 3 in Polearms
  3226 | D:3      | Reached skill level 4 in Polearms
  3232 | D:3      | Found a sparkling altar of Nemelex Xobeh.
  3395 | D:3      | Reached XP level 6. HP: 41/41 MP: 1/9
  3399 | D:3      | Reached skill level 5 in Polearms
  3796 | D:3      | Reached * piety under Makhleb
  4297 | D:3      | Reached skill level 6 in Polearms
  4984 | D:4      | Reached skill level 7 in Polearms
  5050 | D:4      | Noticed a phantom
  5066 | D:3      | Reached XP level 7. HP: 44/46 MP: 2/10
  5099 | D:3      | Reached skill level 8 in Polearms
  5539 | D:4      | Noticed a steam dragon
  6200 | D:4      | Reached skill level 9 in Polearms
  6491 | D:5      | Entered Level 5 of the Dungeon
  6727 | D:5      | Reached skill level 10 in Polearms
  6763 | D:5      | Reached XP level 8. HP: 31/52 MP: 2/11
  6983 | D:5      | Reached skill level 11 in Polearms
  7290 | D:5      | Found a basalt altar of Yredelemnul.
  7504 | D:5      | Found a white marble altar of Elyvilon.
  7642 | D:5      | Found a staircase to the Ecumenical Temple.
  7715 | D:6      | Reached ** piety under Makhleb
  7812 | D:6      | Reached skill level 12 in Polearms
  8650 | D:6      | Reached skill level 13 in Polearms
  8829 | D:6      | Found a hazy altar of Hepliaklqana.
  9005 | D:6      | Reached XP level 9. HP: 38/56 MP: 4/12
  9099 | D:6      | Reached skill level 14 in Polearms
  9992 | D:7      | Reached skill level 15 in Polearms
 10245 | D:8      | Noticed a troll
 10433 | D:8      | Got a fabulously ornate robe
 10454 | D:7      | Identified the +1 robe of Chimes {rCorr Str+3 Dex-5} (You found it on level 8 of the Dungeon)
 10485 | D:8      | Found Seammawi's Weapon Shoppe.
 10572 | D:8      | Reached skill level 16 in Polearms
 10575 | D:8      | Slain by a yak

Vault maps used:
D:1:      dpeg_chamrin_arrival_tetris
D:2:      gammafunk_temple_overflow_pools, zin_treasury, marbit_many_paths,
          grunt_temple_overflow_diamond, lemuel_doored_altar,
          nicolae_ru_sacrificial_ziggurat, uniq_terence
D:3:      lemuel_round_altar, nicolae_overflow_crystal_walls
D:4:      first_ration
D:5:      elyvilon_altar_1, minmay_temple_entry_from_below_a, basic_altar,
          minmay_misc_feat_plants, minmay_misc_feat_diagonals
D:6:      lemuel_round_altar
D:8:      led_sif_pool, serial_shops, shop, shop_statue, nicolae_shop_trees,
          nicolae_shop_statue_plus, serial_ice, serial_ice_c, serial_ice_f,
          serial_ice_m, serial_ice_j, serial_ice_g, serial_ice_h, serial_ice_b,
          uniq_grum

Skill      XL: |  1  2  3  4  5  6  7  8  9 |
---------------+----------------------------+-----
Ice Magic      | 4 5 6 |  6.0
Polearms       | 1 4 7 10 13 16 | 16.0
Dodging        | |  2.6
Stealth        | |  2.1
Spellcasting   | |  2.0
Conjurations   | |  0.7

Action                   |  1- 3 |  4- 6 |  7- 9 || total
-------------------------+-------+-------+-------++-------
Melee: Unarmed           |    11 |       |       ||    11
       Dagger            |    55 |     4 |       ||    59
       Short sword       |       |    47 |       ||    47
       Spear             |       |    28 |    93 ||   121
       Trident           |       |       |   162 ||   162
       Halberd           |       |       |    75 ||    75
 Fire: Hunting sling     |       |       |    15 ||    15
Throw: Stone             |    23 |     6 |     9 ||    38
       Javelin           |       |       |    11 ||    11
 Cast: Freeze            |    61 |    64 |    85 ||   210
       Throw Frost       |     2 |     9 |    10 ||    21
       Ozocubu's Armour  |     1 |    11 |    41 ||    53
Evoke: Wand              |       |       |     4 ||     4
  Use: Scroll            |       |     3 |    11 ||    14
       Potion            |       |       |     1 ||     1
 Stab: Sleeping          |     2 |     6 |     3 ||    11
  Eat: Chunk             |     4 |    14 |    15 ||    33
       Ration            |       |       |     3 ||     3
Armor: Robe              |    18 |    22 |    63 ||   103
Dodge: Dodged            |    75 |    70 |   167 ||   312

Table legend:
 A = Spawn XP
 B = Non-spawn XP
 C = Spawn XP percentage of total XP
 D = Spawn monster count
 E = Non-spawn monster count
 F = Spawn count percentage of total count
 G = Total turns spent on level
                    A         B        C        D         E        F      G
               +---------+---------+-------+---------+---------+-------+---------
         Total |       0 |    3958 |   0.0 |       0 |     168 |   0.0 | 10575
               +---------+---------+-------+---------+---------+-------+---------
           D:1 |       0 |      60 |   0.0 |       0 |      33 |   0.0 |  1380
           D:2 |       0 |      95 |   0.0 |       0 |      28 |   0.0 |  1588
           D:3 |       0 |     410 |   0.0 |       0 |      30 |   0.0 |  1778
           D:4 |       0 |     488 |   0.0 |       0 |      23 |   0.0 |  1882
           D:5 |       0 |     590 |   0.0 |       0 |      13 |   0.0 |  1205
           D:6 |       0 |    1024 |   0.0 |       0 |      16 |   0.0 |  1548
           D:7 |       0 |     604 |   0.0 |       0 |      16 |   0.0 |   980
           D:8 |       0 |     687 |   0.0 |       0 |       9 |   0.0 |   214
               +---------+---------+-------+---------+---------+-------+---------
